 Dungeon Crawl Stone Soup version 0.31.0-12-g77e489cdc1 (webtiles) character file.

Game seed: 7787845968730397629

1728 hawla the Nimble (level 8, -19/73 HPs)
             Began as a Minotaur Fighter on Feb 19, 2024.
             Demolished by a two-headed ogre
             ... wielding a +0 giant club
              (24 damage)
             ... on level 7 of the Dungeon.
             The game lasted 00:12:20 (5813 turns).

hawla the Nimble (Minotaur Fighter)                 Turns: 5813, Time: 00:12:20

Health: -19/73     AC: 14    Str: 22    XL:     8   Next: 76%
Magic:  7/7        EV: 10    Int:  7    God:
Gold:   264        SH:  7    Dex: 11    Spells: 7/7 levels left

rFire   + . .        h - +0 long sword (protect)
rCold   + . .        c - +2 buckler
rNeg    . . .        p - +0 chain mail
rPois   .            l - +1 hat
rElec   +            e - +0 cloak
rCorr   .            t - +0 pair of gloves
SInv    .            r - +1 pair of boots
Will    .....        (no amulet) Stlth
                     j - ring "Ycoogam" {^Drain rElec rC+ Int+2}
HPRegen 0.32/turn    f - ring of protection from fire
MPRegen 0.10/turn

%: no passive effects
@: no status effects
A: horns 2, retaliatory headbutt
a: no special abilities


You were on level 7 of the Dungeon.
You visited 2 branches of the dungeon, and saw 8 of its levels.

You collected 264 gold pieces.

Inventory:

Hand Weapons
 h - a +0 long sword of protection (weapon)
 m - the +1 dagger of Tenacity {flame, Dex+2}
   (You found it on level 2 of the Dungeon)

   Dex+2:     It affects your dexterity (+2).
Missiles
 b - 2 throwing nets
 i - 6 poisoned darts (quivered)
Armour
 c - a +2 buckler (worn)
 e - a +0 cloak (worn)
 l - a +1 hat (worn)
 p - a +0 chain mail (worn)
 r - a +1 pair of boots (worn)
 t - a +0 pair of gloves (worn)
Jewellery
 f - a ring of protection from fire (right hand)
 g - a ring of willpower
 j - the ring "Ycoogam" (left hand) {^Drain rElec rC+ Int+2}
   (You acquired it on level 3 of the Dungeon)

   [ring of protection from cold]

   Int+2:     It affects your intelligence (+2).
   rC+:       It protects you from cold.
   rElec:     It insulates you from electricity.
   ^Drain:    It drains your maximum health when unequipped.
 n - a ring of flight
Scrolls
 o - a scroll of revelation
 s - a scroll of identify
Potions
 a - a potion of haste
 d - 2 potions of might
 k - a potion of cancellation {unknown}


   Skills:
 + Level 7.1 Fighting
 - Level 2.4 Long Blades
 - Level 6.0 Throwing
 - Level 3.6 Armour
 - Level 8.0 Dodging
 - Level 5.0 Shields


You had 7 spell levels left.
You didn't know any spells.
Your spell library was empty.

Dungeon Overview and Level Annotations

Branches:
Dungeon (7/15)             Temple (1/1) D:5

Altars:
Ashenzari
Dithmenos
Elyvilon
Gozag
Hepliaklqana
Kikubaaqudgha
Makhleb
Nemelex Xobeh
Okawaru
Ru
Trog
Uskayaw
The Shining One
Lugonu

Annotations:
D:3 2 transporters, MAFIAMEASN's ghost, amateur MiBe
D:6 2 transporters, Aneyh's ghost, novice TeMo


Innate Abilities, Weirdness & Mutations

You have a pair of horns on your head.
You reflexively headbutt those who attack you in melee.


Message History

The two-headed ogre shouts in stereo!
A two-headed ogre is nearby!
A two-headed ogre is nearby!
A two-headed ogre is nearby!
You hit the two-headed ogre. You burn the two-headed ogre.
The two-headed ogre is lightly wounded.
The two-headed ogre hits you but does no damage.
The two-headed ogre hits you with a +0 giant spiked club!
You hit the two-headed ogre. You burn the two-headed ogre.
Your headbutt misses the two-headed ogre.
The two-headed ogre is lightly wounded.
You hit the two-headed ogre. You burn the two-headed ogre.
The two-headed ogre is lightly wounded.
The two-headed ogre barely misses you. The two-headed ogre closely misses you.
You hit the two-headed ogre. You burn the two-headed ogre.
The two-headed ogre is moderately wounded.
You hit the two-headed ogre. You burn the two-headed ogre.
The two-headed ogre is moderately wounded.
The two-headed ogre hits you with a +0 giant club!
The two-headed ogre completely misses you.
You hit the two-headed ogre but do no damage.
You headbutt the two-headed ogre!
The two-headed ogre is heavily wounded.
The two-headed ogre hits you with a +0 giant club!
The two-headed ogre hits you with a +0 giant spiked club.
You are too injured to fight recklessly!
The +1 dagger of Tenacity {flame, Dex+2} stops flaming.
Your +0 long sword of protection hums with potential!
h - a +0 long sword of protection (weapon)
You closely miss the two-headed ogre.
The two-headed ogre is heavily wounded.
The two-headed ogre hits you with a +0 giant club!
* * * LOW HITPOINT WARNING * * *
The two-headed ogre hits you with a +0 giant spiked club!
* * * LOW HITPOINT WARNING * * *
You feel better.
The two-headed ogre hits you with a +0 giant club.
* * * LOW HITPOINT WARNING * * *
The two-headed ogre hits you with a +0 giant spiked club!!
You die...

#. #. #. #. #. ####### #.
#.....# #O#####
#.....###.@...#
#......######.#
#.........###.####
#.....###........# #.#...#
#..##.##.# #.###.###..#..##.#
#.###.........##.# #.##
#.......##.#.###.#
.....####.###.##.#.###.#######


You could see a two-headed ogre.

Vanquished Creatures
  Sigmund (D:3)
  2 ogres (D:6)
  2 centaurs
  2 phantoms (D:5)
  2 bullfrogs (D:7)
  A scorpion (D:5)
  A howler monkey (D:4)
  2 jellies
  A bombardier beetle (D:3)
  2 gnoll boudas
  2 hounds
  3 orc priests
  2 iguanas (D:6)
  Natasha (thrice) (D:2)
  3 orc wizards (D:6)
  6 adders
  9 gnolls
  6 ufetubi (D:6)
  3 dart slugs
  3 ribbon worms
  11 orcs
  11 endoplasms
  3 giant cockroaches
  5 goblins
  3 hobgoblins
  6 jackals
  5 kobolds
  A quokka (D:2)
  6 ball pythons
  A bat (D:3)
  4 frilled lizards
  9 rats
121 creatures vanquished.

Vanquished Creatures (collateral kills)
  A black bear (D:5)
  An adder (D:5)
2 creatures vanquished.

Grand Total: 123 creatures vanquished

Notes
Turn   | Place    | Note
-------+----------+-------------------------------------------
     0 | D:1      | hawla the Minotaur Fighter began the quest for the Orb.
     0 | D:1      | Reached XP level 1. HP: 19/19 MP: 0/0
   109 | D:1      | Reached XP level 2. HP: 13/26 MP: 1/1
   504 | D:1      | Reached skill level 5 in Shields
   744 | D:2      | Reached XP level 3. HP: 31/31 MP: 2/2
   892 | D:2      | Reached skill level 1 in Dodging
  1069 | D:2      | Found a sparkling altar of Nemelex Xobeh.
  1102 | D:2      | Noticed Natasha
  1112 | D:2      | Killed Natasha
  1113 | D:2      | Reached skill level 2 in Dodging
  1330 | D:2      | Identified the +1 dagger of Tenacity {flame, Dex+2}
  1343 | D:2      | Reached XP level 4. HP: 38/39 MP: 3/3
  1449 | D:2      | Reached skill level 3 in Dodging
  1556 | D:2      | Noticed Natasha
  1563 | D:2      | Killed Natasha
  1745 | D:2      | Noticed Natasha
  1755 | D:2      | Killed Natasha
  1756 | D:2      | Reached skill level 4 in Dodging
  1779 | D:3      | Identified a scroll of acquirement
  1779 | D:3      | Acquired the ring "Ycoogam" {^Drain rElec rC+ Int+2}
  1818 | D:3      | Reached XP level 5. HP: 41/45 MP: 4/4
  1906 | D:3      | Noticed Sigmund
  1933 | D:3      | Killed Sigmund
  1934 | D:3      | Reached skill level 6 in Dodging
  1934 | D:3      | Reached XP level 6. HP: 43/51 MP: 5/5
  1939 | D:3      | Found a transporter.
  1962 | D:3      | Noticed MAFIAMEASN's ghost (amateur MiBe)
  1966 | D:3      | Found a transporter.
  2448 | D:4      | Reached skill level 7 in Dodging
  2981 | D:4      | Found a burning altar of Makhleb.
  3001 | D:4      | Found a sacrificial altar of Ru.
  3025 | D:5      | Entered Level 5 of the Dungeon
  3064 | D:5      | Reached XP level 7. HP: 48/57 MP: 6/6
  3067 | D:5      | Reached skill level 8 in Dodging
  3164 | D:5      | Reached skill level 1 in Throwing
  3879 | D:5      | Found a staircase to the Ecumenical Temple.
  3977 | Temple   | Entered the Ecumenical Temple
  4071 | D:6      | Reached XP level 8. HP: 53/64 MP: 7/7
  4146 | D:6      | Reached skill level 5 in Throwing
  4566 | D:6      | Found an ancient bone altar of Kikubaaqudgha.
  4699 | D:6      | Reached skill level 5 in Fighting
  5046 | D:6      | Found a transporter.
  5214 | D:6      | Found a transporter.
  5222 | D:6      | Noticed Aneyh's ghost (novice TeMo)
  5413 | D:6      | Noticed a moth of wrath
  5416 | D:6      | Found a bloodstained altar of Trog.
  5504 | D:7      | Identified the +0 ring mail "Taus" {Rampage rC- Int+5}
  5804 | D:7      | Noticed a two-headed ogre
  5813 | D:7      | Demolished by a two-headed ogre

Illustrated notes

Levels and vault maps discovered:
D:1:      grunt_arrival_lava_bath, layout_basic, minmay_misc_feat_iff,
          minivault_14
D:2:      layout_loops_cross, basic_altar,
          wander_ebering_terrifying_dragon_lair, uniq_natasha
D:3:      layout_basic, gammafunk_ghost_mausoleum, uniq_sigmund
D:4:      layout_basic, mainiacjoe_overflow_big_doors, grunt_ministairs_1,
          minmay_misc_feat_cross, feat_on_display
D:5:      layout_cave_pools, temple_hall
D:6:      layout_basic, tgw_trog, kennysheep_mini_moat,
          gammafunk_ghost_stat_death
D:7:      layout_loops_cross
Temple:   corrupted_temple

Skill      XL: |  1  2  3  4  5  6  7  8 |
---------------+-------------------------+-----
Shields        | 4 5 |  5.0
Dodging        | 2 4 6 7 8 |  8.0
Throwing       | 4 6 |  6.0
Fighting       | 7 |  7.1
Long Blades    | |  2.4
Armour         | |  3.6

Action                     |  1- 3 |  4- 6 |  7- 9 || total
---------------------------+-------+-------+-------++-------
  Melee: Long sword        |    80 |    14 |    40 ||   134
         Headbutt          |    16 |    28 |    45 ||    89
         Dagger            |       |   118 |   166 ||   284
  Throw: Dart              |       |     6 |     7 ||    13
    Use: Scroll            |     5 |     7 |     3 ||    15
         Potion            |       |     4 |     3 ||     7
 Armour: Scale mail        |    40 |    32 |       ||    72
         Chain mail        |       |    57 |   199 ||   256
         Skin              |       |    19 |       ||    19
  Dodge: Dodged            |    36 |    61 |   126 ||   223
  Block: Buckler           |    21 |    49 |    86 ||   156
